[Event "Early-Titled-Tuesday-Blitz-October-10-2023"]
[Site "Chess.com"]
[Date "2023.10.10"]
[Round "8"]
[White "Ariadna_Atreides"]
[Black "campochess"]
[Result "1-0"]
[WhiteElo "2199"]
[BlackElo "2118"]
[TimeControl "180+1"]
[EndTime "9:27:12 PDT"]
[Termination "Ariadna_Atreides won by checkmate"]

1. d4 c5 2. e3 Nf6 3. Nf3 g6 4. Nbd2 cxd4 5. exd4 Bg7 6. c3 d6 7. Bd3 O-O 8. h3 Nc6 9. O-O Nd5 10. Re1 Nb6 11. a4 a5 12. Nf1 e5 13. Bg5 Qc7 14. dxe5 dxe5 15. Bb5 Bf5 16. Ng3 e4 17. Nxf5 exf3 18.
Nxg7 Kxg7 19. Qxf3 f6 20. Bf4 Qc8 21. Qg3 Nd5 22.
Bd6 Re8 23. Rxe8 Qxe8 24. Rd1 Qe6 25. Bc4 Rd8 26. Rxd5 Ne7 27. Bxe7 Rxd5 28. Bxd5 Qxe7 29. Qe3 Qd7 30. Qe6 Qxa4 31. Kh2 Qf4+ 32. g3 Qxf2+ 33. Bg2 Qxb2 34. Qe7+ Kh6 35. Qxf6 a4 36. Qh4+ Kg7 37. Qe7+ Kh6 38. Qf8+ Kh5 39. g4+ Kg5 40. Qe7+ Kf4 41. Qf6+ Ke3 42. Qd4+ Ke2 43. Kg3 a3 44. Bf3+ Ke1 45. Qd1# 1-0

[Event "Early-Titled-Tuesday-Blitz-October-10-2023"]
[Site "Chess.com"]
[Date "2023.10.10"]
[Round "8"]
[White "Rsnr"]
[Black "Anton_Demchenko"]
[Result "0-1"]
[WhiteElo "2854"]
[BlackElo "3020"]
[TimeControl "180+1"]
[EndTime "9:27:14 PDT"]
[Termination "Anton_Demchenko won by resignation"]

1. d4 Nf6 2. c4 d6 3. Nf3 Nc6 4. g3 e5 5. Bg2 Be7 6. Nc3 O-O 7.
O-O h6 8. h3 Bf5 9. d5 Nb8 10.
Nd2 c6 11. e4 Bd7 12. b3 a5 13. Ba3 Na6 14. Qe2 Nb4 15. Rfc1 Nh7 16. Bb2 Bg5 17. a3 Na6 18. h4 Bxd2 19. Qxd2 Nc5 20.
Qd1 a4 21. bxa4 cxd5 22. cxd5 f5 23. Rc2 f4 24. Rd2 g5 25. hxg5 Nxg5 26. Qh5 Qf6 27. Nb5 f3 28. Bf1 Ncxe4 29. Rc2 Bf5 30. Rac1 Rf7 31.
Qh4 Raf8 32. Nc7 Rg7 33. Kh2 Qg6 34. Nb5 Nf6 35. Rd2 Ng4+ 36. Kg1 Ne4 37. Rdc2 Nxg3 38. fxg3 Bxc2 39. Rxc2 Qxc2 0-1

[Event "Early-Titled-Tuesday-Blitz-October-10-2023"]
[Site "Chess.com"]
[Date "2023.10.10"]
[Round "8"]
[White "Fandorine"]
[Black "Alonmindlin"]
[Result "1-0"]
[WhiteElo "2912"]
[BlackElo "2711"]
[TimeControl "180+1"]
[EndTime "9:27:14 PDT"]
[Termination "Fandorine won by resignation"]

1. g3 e5 2. c4 Nf6 3. Bg2 Nc6 4. d3 Bb4+ 5. Bd2 Bxd2+ 6. Qxd2 O-O 7.
Nc3 d6 8. Nf3 h6 9. O-O Be6 10.
b4 Nxb4 11. Rab1 a5 12. a3 Na6 13. Rxb7 Nc5 14. Rb2 Qd7 15. Rfb1 a4 16. Qd1 Bh3 17. Bh1 e4 18. Ne1 Rfe8 19. d4 Nb3 20. Nc2 Bf5 21. Ne3 Bg6 22. Bg2 h5 23. h3 h4 24. g4 Nh7 25. Nxa4 Nxd4 26. Qxd4 Rxa4 27. Rb7 Ng5 28. Nd5 Ne6 29. Qc3 Qd8 30. Rb8 Qxb8 31. Ne7+ Kh7 32. Rxb8 Rxb8 33. Nxg6 fxg6 34. Bxe4 Ng5 35. Bc2 Raa8 36.
Qd3 Kh8 37. Qxg6 Ra5 38. f4 Nxh3+ 39. Kh2 Kg8 40. Kxh3 1-0

[Event "Early-Titled-Tuesday-Blitz-October-10-2023"]
[Site "Chess.com"]
[Date "2023.10.10"]
[Round "8"]
[White "Djager97"]
[Black "Rodalquilar"]
[Result "1-0"]
[WhiteElo "2612"]
[BlackElo "2750"]
[TimeControl "180+1"]
[EndTime "9:27:14 PDT"]
[Termination "Djager97 won on time"]

1. e4 d5 2. exd5 Qxd5 3. Nc3 Qa5 4. d4 Nf6 5. Nf3 Bf5 6. Bc4 e6 7. Bd2 Bb4 8. a3 Bxc3 9. Bxc3 Qb6 10. Qe2 O-O 11. O-O-O Nc6 12. Nh4 Be4 13. d5 Nxd5 14.
Qxe4 Nxc3 15. bxc3 Qxf2 16. Bd3 g6 17. Nf3 Qc5 18.
Kb2 Rfd8 19. h4 Rd5 20. g4 Qb6+ 21. Ka2 Ra5 22. Rb1 Qc5 23. Rb3 b5 24. h5 Ra4 25.
Nd4 Ra6 26. hxg6 hxg6 27. Nxe6 Qd6 28. Nd4 Rd8 29. Nxb5 Qc5 30. Nd4 Rb6 31. Nxc6 Rxc6 32. c4 Re6 33. Qf4 Rd4 34. Qh2 Qe5 35. Rb8+ 1-0

[Event "Early-Titled-Tuesday-Blitz-October-10-2023"]
[Site "Chess.com"]
[Date "2023.10.10"]
[Round "8"]
[White "Grandmaster1369"]
[Black "Herman-NY"]
[Result "0-1"]
[WhiteElo "2763"]
[BlackElo "2549"]
[TimeControl "180+1"]
[EndTime "9:27:14 PDT"]
[Termination "Herman-NY won on time"]

1. e4 c5 2. Nc3 e6 3. f4 a6 4. Nf3 b5 5. d3 Bb7 6. g3 d5 7. Qe2 d4 8. Nd1 Nc6 9. Bg2 f6 10. O-O Nge7 11. Nf2 Qd7 12. Bd2 Nc8 13. Bh3 Nb6 14. Nh4 O-O-O 15. c3 Kb8 16. Rac1 c4 17. Rfd1 Bc5 18. Nf3 dxc3 19. Rxc3 cxd3 20. Qe1 Bxf2+ 21.
Qxf2 Nc4 22. b3 Nxd2 23. Rxd2 Nd4 24. Rcxd3 Nxf3+ 25. Qxf3 Qc7 26. Qe3 e5 27. fxe5 fxe5 28. Rd7 Rxd7 29. Rxd7 Qc2 30. Bg2 Rf8 31. Rd2 Qb1+ 0-1

[Event "Early-Titled-Tuesday-Blitz-October-10-2023"]
[Site "Chess.com"]
[Date "2023.10.10"]
[Round "8"]
[White "whiteglovethief"]
[Black "jcibarra"]
[Result "0-1"]
[WhiteElo "2555"]
[BlackElo "2910"]
[TimeControl "180+1"]
[EndTime "9:27:15 PDT"]
[Termination "jcibarra won on time"]

1. d4 Nf6 2. c4 e6 3. Nf3 d5 4. g3 dxc4 5. Bg2 Bd7 6. O-O Bc6 7. Nc3 b5 8. a4 b4 9. Nb1 a5 10. Qc2 Bd5 11. Nbd2 b3 12. Qd1 c5 13. e4 Nxe4 14.
Nxe4 Bxe4 15. Re1 Bd5 16. Bg5 Be7 17. Bxe7 Qxe7 18. dxc5 Qxc5 19. Ne5 O-O 20. Rc1 Ra7 21. Qe2 Rc7 22. Bxd5 exd5 23. Qf3 Nc6 24. Nd3 Qd6 25.
Nf4 Nd4 26. Qxd5 Qxd5 27. Nxd5 Nf3+ 28. Kf1 Rc5 29. Red1 Nxh2+ 30. Kg2 Ng4 31. f3 Rxd5 32. fxg4 Rxd1 33. Rxd1 g6 34. Rd5 Rb8 35. Rc5 Rb4 36.
Kf3 Rxa4 37. Ke3 Ra2 38. Rxc4 Rxb2 39. Ra4 Ra2 0-1

[Event "Early-Titled-Tuesday-Blitz-October-10-2023"]
[Site "Chess.com"]
[Date "2023.10.10"]
[Round "8"]
[White "maximnovik"]
[Black "Aswathchess"]
[Result "0-1"]
[WhiteElo "2451"]
[BlackElo "2626"]
[TimeControl "180+1"]
[EndTime "9:27:16 PDT"]
[Termination "Aswathchess won by resignation"]

1. e4 g6 2. d4 Bg7 3. Nc3 d6 4.
Be3 a6 5. Bd3 b5 6. a4 b4 7.
Nce2 Bb7 8. Nf3 Nf6 9. Ng3 a5 10. h3 O-O 11. O-O Nbd7 12. Qd2 Re8 13. c3 c5 14. e5 dxe5 15. dxe5 Nd5 16. Bb5 Rf8 17. Bxd7 Qxd7 18. Bxc5 bxc3 19. bxc3 Rfd8 20. Rfd1 Qc6 21.
Bd4 Rac8 22. Ne4 h6 23. Nc5 Ba8 24. e6 f6 25. h4 g5 26. hxg5 hxg5 27. Nxg5 Nxc3 28.
Nf3 Nxd1 29. Rxd1 Rd5 30. Qe3 Rcd8 31. Nd7 R5xd7 32. exd7 Rxd7 33. Rc1 Qd5 34. Rc8+ Kf7 35. Rc5 Qd6 36. Rxa5 Bxf3 37. Qxf3 Qxd4 38. Qh5+ Kf8 39.
Ra8+ Rd8 40. Rxd8+ Qxd8 41. Qb5 Qd1+ 42. Kh2 Bh6 43.
a5 Qd4 44. Kg1 Bf4 45. a6 Qa1+ 46.
Qf1 Bh2+ 47. Kxh2 Qxf1 48. a7 Qa6 0-1

[Event "Early-Titled-Tuesday-Blitz-October-10-2023"]
[Site "Chess.com"]
[Date "2023.10.10"]
[Round "8"]
[White "Dannyyi"]
[Black "Kielinkei"]
[Result "0-1"]
[WhiteElo "2183"]
[BlackElo "2453"]
[TimeControl "180+1"]
[EndTime "9:27:17 PDT"]
[Termination "Kielinkei won by resignation"]

1. e4 c5 2. Nf3 e6 3. d4 cxd4 4. Nxd4 Nc6 5. Nc3 Qc7 6. Be3 a6 7. Qf3 Bd6 8. O-O-O Be5 9. Nxc6 bxc6 10. Bd4 Ne7 11.
Bxe5 Qxe5 12. Bd3 O-O 13. h4 f5 14. exf5 Nxf5 15. Qh3 Rb8 16. g4 Qf4+ 17. Kb1 Qb4 18. b3 Nd4 19. Qe3 Rf3 20. Qd2 c5 21. Rhg1 c4 22.
Be4 cxb3 23. axb3 Nxb3 24. cxb3 Qxb3+ 25. Ka1 Rxc3 26. Rb1 Qa4+ 27. Qa2 Ra3 28. Rxb8 Rxa2+ 29. Kb1 Ra1+ 30. Kb2 Qd4+ 31. Kb3 Rxg1 32. Rxc8+ Kf7 33. Bc2 Qb6+ 34. Kc3 Qxf2 35. g5 Rg3+ 36. Bd3 Qe1+ 37. Kd4 Qb4+ 38. Ke5 Re3+ 0-1

[Event "Early-Titled-Tuesday-Blitz-October-10-2023"]
[Site "Chess.com"]
[Date "2023.10.10"]
[Round "8"]
[White "subham777"]
[Black "djano"]
[Result "0-1"]
[WhiteElo "2507"]
[BlackElo "2679"]
[TimeControl "180+1"]
[EndTime "9:27:19 PDT"]
[Termination "djano won on time"]

1. e4 c5 2. Nf3 Nc6 3. Bb5 d5 4. exd5 Qxd5 5. O-O Bg4 6. Nc3 Qf5 7. Qe2 Nf6 8. Re1 e6 9. Bxc6+ bxc6 10. d3 Bxf3 11. Qxf3 Qxf3 12. gxf3 Nd5 13. Ne4 Rb8 14.
a3 Be7 15. c4 Nf6 16. Re2 Rb3 17. Nc3 O-O 18. Kf1 Rd8 19. Re3 Nd7 20. f4 Bf6 21.
Nd1 Nb6 22. Ke2 Na4 23. Ra2 g6 24. Rg3 Kf8 25. Rh3 h5 26. Rg3 Ke7 27. Re3 Rd4 28. Rg3 Rd7 29. Re3 Rdb7 30. Kd2 Bxb2 31. Bxb2 Nxb2 32. Kc2 Na4 33. Re2 Rb1 34. f3 Kd6 35. Nc3 Nxc3 36. Kxc3 R7b3+ 37. Kc2 Rb6 38. Kc3 a5 39. a4 R6b4 40. Kc2 Rf1 41. Re3 Rf2+ 42. Kc3 Rxa2 43. d4 Ra3+ 0-1

[Event "Early-Titled-Tuesday-Blitz-October-10-2023"]
[Site "Chess.com"]
[Date "2023.10.10"]
[Round "8"]
[White "Likvidator228"]
[Black "ViktoriyaTarasova"]
[Result "0-1"]
[WhiteElo "2565"]
[BlackElo "2401"]
[TimeControl "180+1"]
[EndTime "9:27:19 PDT"]
[Termination "ViktoriyaTarasova won by checkmate"]

1. d4 Nf6 2. Nf3 e6 3. Bf4 d5 4.
e3 c5 5. c3 Bd6 6. Bg3 Qc7 7. Bb5+ Bd7 8. Bxd6 Qxd6 9. Bd3 O-O 10. Ne5 Nc6 11. f4 cxd4 12. exd4 Ne4 13. O-O f6 14. Bxe4 dxe4 15. Nc4 Qe7 16. Ne3 Rad8 17. Qc2 f5 18. Nd2 Qf7 19. Ndc4 Bc8 20. a4 b6 21.
Rfd1 Ba6 22. Ne5 Nxe5 23. dxe5 Bd3 24. Qb3 Rfe8 25. a5 Qc7 26. axb6 Qc5 27. Kf2 axb6 28.
Qa3 Qc6 29. Qb4 h6 30. Ra7 Rd7 31. Rxd7 Qxd7 32. Qxb6 g5 33. g3 gxf4 34. gxf4 Qe7 35. Rg1+ Kh8 36. Nxf5 Qf7 37. Qc6 Rf8 38. Ke3 Qxf5 39.
Kd4 Qxf4 40. Qd6 Qf2# 0-1

[Event "Early-Titled-Tuesday-Blitz-October-10-2023"]
[Site "Chess.com"]
[Date "2023.10.10"]
[Round "8"]
[White "SlavenPastar"]
[Black "Krlence"]
[Result "0-1"]
[WhiteElo "2548"]
[BlackElo "2456"]
[TimeControl "180+1"]
[EndTime "9:27:20 PDT"]
[Termination "Krlence won by checkmate"]

1. b3 e5 2. Bb2 Nc6 3. Nf3 d6 4.
d4 exd4 5. Nxd4 Nf6 6. e3 Be7 7. Nxc6 bxc6 8. Be2 O-O 9. O-O Nd7 10. Nd2 Bf6 11. Bxf6 Nxf6 12. Nf3 c5 13. Nd2 Bb7 14. Bf3 Bxf3 15. Qxf3 a5 16. Ne4 Nxe4 17. Qxe4 a4 18.
Rad1 axb3 19. axb3 Qf6 20. Qc6 Ra7 21. h3 h6 22. Qe4 Qc3 23. Qd3 Qe5 24. Qc4 Rfa8 25.
Rd5 Qe6 26. g4 Ra2 27. e4 Rb8 28. c3 Rb2 29. e5 R2xb3 30. Qd3 Rxc3 31. Qd2 Rxh3 32.
f3 h5 33. exd6 cxd6 34. Rxd6 Rg3+ 35. Kf2 Qe5 36. Rd8+ Rxd8 37. Qxd8+ Kh7 38. Qd3+ g6 39. gxh5 Rg5 40. hxg6+ Kg7 41. Rg1 Qh2+ 42. Ke3 Qxg1+ 43. Kf4 Qg3+ 44. Ke4 Re5# 0-1

[Event "Early-Titled-Tuesday-Blitz-October-10-2023"]
[Site "Chess.com"]
[Date "2023.10.10"]
[Round "8"]
[White "Mystery2007"]
[Black "deribas12345"]
[Result "0-1"]
[WhiteElo "2475"]
[BlackElo "2586"]
[TimeControl "180+1"]
[EndTime "9:27:21 PDT"]
[Termination "deribas12345 won on time"]

1. e4 c5 2. Nf3 d6 3. d4 cxd4 4.
Nxd4 Nf6 5. Nc3 a6 6. Bg5 e6 7.
f4 Be7 8. Qf3 h6 9. Bh4 Nbd7 10.
O-O-O Qc7 11. Bd3 g5 12. fxg5 Ne5 13. Qe2 Nh7 14. Kb1 hxg5 15. Bg3 Bd7 16. Nf3 O-O-O 17. Rhf1 f6 18. Bf2 Nf8 19. Nxe5 dxe5 20. Bg1 Ng6 21. g3 Bb4 22. Rxf6 Ne7 23. Bxa6 bxa6 24. Qxa6+ Qb7 25.
Qc4+ Kb8 26. a3 Bxa3 27. b3 Rc8 28. Qd3 Rhd8 29. Rf7 Be8 30. Qxd8 Bxf7 31. Qa5 Bb4 32. Qxe5+ Qc7 33. Qb5+ Qb7 34. Qe5+ Ka8 35. Na4 Nc6 0-1

[Event "Early-Titled-Tuesday-Blitz-October-10-2023"]
[Site "Chess.com"]
[Date "2023.10.10"]
[Round "8"]
[White "LangesNasenhaar"]
[Black "YouShallNotPass001"]
[Result "1-0"]
[WhiteElo "2555"]
[BlackElo "2401"]
[TimeControl "180+1"]
[EndTime "9:27:21 PDT"]
[Termination "LangesNasenhaar won by resignation"]

1. d4 Nf6 2. Nc3 e6 3. Bf4 d6 4. e4 h6 5. Qd2 Nbd7 6. O-O-O c6 7. Nf3 b5 8. e5 b4 9. exf6 bxc3 10. Qxc3 Nxf6 11.
Qxc6+ Bd7 12. Qa6 Nd5 13. Bxd6 Bxd6 14. Qxd6 Qa5 15. a3 Rc8 16. Ne5 Ba4 17. Bd3 Nf4 18.
Be4 f6 19. Nc6 Bxc6 20. Bxc6+ Kf7 21. Bd7 Ne2+ 22. Kb1 Nc3+ 23. bxc3 Rb8+ 24. Kc1 Qxc3 25. Qxe6+ Kg6 26. Qe4+ Kf7 27. Rd3 Qa1+ 28. Kd2 Qxh1 29.
Qd5+ Kf8 30. Qd6+ Kf7 31. Be6+ Kg6 32. Qg3+ Kh7 33. Bf5+ Kg8 34. Qxb8+ Kf7 35. Qxh8 Qxg2 36. Qc8 Qxf2+ 37. Kc3 Qe1+ 38. Kc4 Qa5 39. Qe6+ Kf8 40. Qd6+ Kg8 41. Qc5 Qa4+ 42. Kc3 a5 43. Bg6 Qd7 44.
Re3 1-0

[Event "Early-Titled-Tuesday-Blitz-October-10-2023"]
[Site "Chess.com"]
[Date "2023.10.10"]
[Round "8"]
[White "Witik"]
[Black "Casper"]
[Result "1-0"]
[WhiteElo "2680"]
[BlackElo "2434"]
[TimeControl "180+1"]
[EndTime "9:27:21 PDT"]
[Termination "Witik won on time"]

1. e4 c5 2. d4 cxd4 3. c3 g6 4. cxd4 d5 5. e5 Bg7 6. Nc3 Nc6 7. Bb5 Nh6 8. Nge2 O-O 9. O-O a6 10. Bxc6 bxc6 11. Na4 f6 12. exf6 exf6 13. b3 Nf7 14.
Ba3 Re8 15. Rc1 Bd7 16. Nc5 Bf5 17. Ng3 Nd6 18. f3 Bh6 19. Ra1 Bf4 20. Bc1 Bxc1 21. Rxc1 Qe7 22. Kh1 h5 23. h4 Qe3 24. Re1 Qf4 25. Nf1 Qxh4+ 26. Kg1 Nb5 27. Ne3 Nxd4 28. Qd2 Re7 29. Qf2 Qxf2+ 30. Kxf2 Rae8 31. Nxa6 Kf7 32.
Nc5 Bc8 33. b4 f5 34. f4 g5 35. g3 gxf4 36. gxf4 Ne6 37. Nd3 Kf6 38. Rxc6 Bd7 39.
Rb6 Rh7 40. Nxd5+ Kf7 41. Ne5+ 1-0

[Event "Early-Titled-Tuesday-Blitz-October-10-2023"]
[Site "Chess.com"]
[Date "2023.10.10"]
[Round "8"]
[White "Mikhail_Golubev"]
[Black "topin8"]
[Result "1-0"]
[WhiteElo "2615"]
[BlackElo "2446"]
[TimeControl "180+1"]
[EndTime "9:27:22 PDT"]
[Termination "Mikhail_Golubev won on time"]

1. e4 e5 2. Nf3 Nc6 3. Bc4 Nf6 4. Ng5 d5 5. exd5 Na5 6. Bb5+ c6 7. dxc6 bxc6 8. Bd3 Nd5 9. Nf3 Bd6 10. O-O O-O 11. Re1 Nf4 12. Bf1 Bg4 13. d3 Qf6 14. Nc3 Nh3+ 15.
gxh3 Bxf3 16. Qd2 h6 17. Ne4 Qg6+ 18. Ng3 f5 19. Qxa5 f4 20. Bg2 fxg3 21. hxg3 Bxg2 22.
Kxg2 Qf5 23. Be3 Qf3+ 24. Kh2 e4 25. dxe4 Rae8 26. Rad1 Bb8 27. Qa6 Rxe4 28. Rg1 Rh4 29. Qf1 Re4 30. Qg2 Qf5 31. Rd3 h5 32. Rgd1 h4 33.
Kh1 hxg3 34. fxg3 Qf3 35. Qxf3 Rxf3 36. Bf4 Bxf4 37. Rxf3 Be5 38. Rdd3 Re2 39. Rfe3 1-0

[Event "Early-Titled-Tuesday-Blitz-October-10-2023"]
[Site "Chess.com"]
[Date "2023.10.10"]
[Round "8"]
[White "Actuary44"]
[Black "HrvojeZagreb"]
[Result "0-1"]
[WhiteElo "2517"]
[BlackElo "2341"]
[TimeControl "180+1"]
[EndTime "9:27:22 PDT"]
[Termination "HrvojeZagreb won by resignation"]

1. e4 c5 2. d4 cxd4 3. c3 d3 4. Bxd3 Nc6 5. f4 d5 6. e5 Nh6 7. Nf3 Bf5 8. O-O e6 9. Kh1 Bc5 10. h3 Bxd3 11. Qxd3 Nf5 12. Kh2 h5 13. Nbd2 h4 14.
Re1 Bf2 15. Re2 Bg3+ 16. Kg1 Qb6+ 17. Kf1 Bxf4 18. Ke1 Ng3 19. Rf2 Nxe5 20. Nxe5 Bxe5 21. Nf3 Ne4 22. Re2 Bg3+ 23. Kf1 O-O 24. Be3 Qc7 25. Kg1 a5 26. Rc1 Rad8 27. c4 Qc6 28. Nd4 Qd7 29. c5 Qa4 30. b3 Qd7 31. Bg5 Rc8 32. Be3 Nxc5 33. Qd2 Ne4 34. Qxa5 Rxc1+ 35. Bxc1 Rc8 36. Be3 Qc7 37. Rc2 Qxa5 38. Rxc8+ Kh7 39. Nf3 Qxa2 40.
Ng5+ Nxg5 0-1

[Event "Early-Titled-Tuesday-Blitz-October-10-2023"]
[Site "Chess.com"]
[Date "2023.10.10"]
[Round "8"]
[White "alexrustemov"]
[Black "DenLaz"]
[Result "1/2-1/2"]
[WhiteElo "2871"]
[BlackElo "3055"]
[TimeControl "180+1"]
[EndTime "9:27:23 PDT"]
[Termination "Game drawn by repetition"]

1. d4 Nf6 2. c4 e6 3. Nf3 b6 4. a3 Bb7 5. Nc3 d5 6. Bg5 Be7 7. Bxf6 Bxf6 8. cxd5 exd5 9. Qa4+ Nd7 10. g3 c5 11. Bh3 a6 12. Rd1 b5 13. Qc2 c4 14.
O-O O-O 15. e3 Re8 16. Bg2 Nb6 17. Rd2 Qc7 18. Rfd1 Rad8 19. Ne5 Bxe5 20. dxe5 Qxe5 21. Rd4 Qf6 22. Qd2 g6 23. h4 h5 24. e4 Nc8 25.
exd5 Nd6 26. a4 Bc8 27. axb5 axb5 28. Ne4 Nxe4 29. Rxe4 Rxe4 30. Bxe4 Bg4 31. f3 Bd7 32. Qd4 Qd6 33. Kf2 Rc8 34. Ra1 b4 35. Rc1 Bb5 36. f4 Re8 37. Bf3 Re7 38. Re1 Rxe1 39. Kxe1 Qe7+ 40. Kf2 Qd6 41. Qe5 Qb6+ 42. Qe3 Qf6 43. Qe5 Qb6+ 44. Qe3 Qf6 45. Qe5 Qb6+ 1/2-1/2

[Event "Early-Titled-Tuesday-Blitz-October-10-2023"]
[Site "Chess.com"]
[Date "2023.10.10"]
[Round "8"]
[White "OparinGrigoriy"]
[Black "Eagle_2019"]
[Result "1-0"]
[WhiteElo "2990"]
[BlackElo "2728"]
[TimeControl "180+1"]
[EndTime "9:27:23 PDT"]
[Termination "OparinGrigoriy won on time"]

1. Nf3 d5 2. g3 c6 3. Bg2 Bg4 4. c4 e6 5. Qb3 Qb6 6. d3 Nd7 7. Be3 Qxb3 8. axb3 a6 9. h3 Bxf3 10. Bxf3 Bd6 11. Bd4 Be5 12. Bc3 Ne7 13. Nd2 f6 14. O-O Kf7 15. d4 Bc7 16. e4 dxe4 17. Nxe4 Nf5 18. Rad1 Rad8 19. Rfe1 Rhe8 20. b4 e5 21. d5 cxd5 22. Rxd5 Nd4 23. Bxd4 exd4 24. Rxd4 Ne5 25. Bh5+ g6 26. Rxd8 Rxd8 27. Be2 Rd4 28. Nc5 Bb6 29. Nxb7 Rd2 30. c5 Bc7 31. f4 Nc6 32. Bxa6 Nxb4 33. Bc4+ Kf8 34. b3 Nc2 35. Re2 Rd1+ 36. Kg2 Nd4 37.
Ra2 Nf5 38. Ra8+ Ke7 39. Ra7 Ne3+ 40. Kf3 Nxc4 41. bxc4 Kd7 42. Ra6 Rb1 43. c6+ Ke6 44. Nc5+ Kd6 45. Ne4+ Ke6 46. Ra7 Bb6 47. Rb7 f5 48. Nc5+ Kd6 49. Na4 Rf1+ 50. Ke2 Rf2+ 51. Ke1 Be3 52. c7 Kd7 53. c5 Kc8 54. Nb6+ Kxb7 55.
c8=Q+ 1-0

[Event "Early-Titled-Tuesday-Blitz-October-10-2023"]
[Site "Chess.com"]
[Date "2023.10.10"]
[Round "8"]
[White "KejJaj"]
[Black "FMStan15"]
[Result "1/2-1/2"]
[WhiteElo "2161"]
[BlackElo "2109"]
[TimeControl "180+1"]
[EndTime "9:27:23 PDT"]
[Termination "Game drawn - insufficient material"]

1. d4 Nf6 2. Bf4 e6 3. e3 d5 4.
Nf3 Bd6 5. Nbd2 Bxf4 6. exf4 O-O 7. Bd3 Qd6 8. g3 c5 9. c3 cxd4 10. Nxd4 Nc6 11. Nxc6 bxc6 12. Nf3 c5 13. O-O Ba6 14. Ne5 Bxd3 15. Qxd3 Ne4 16. f3 Nf6 17. Rfd1 Qb6 18. b3 c4+ 19. Qd4 Qxd4+ 20. Rxd4 cxb3 21. axb3 Rfc8 22. c4 dxc4 23. bxc4 a5 24. Ra4 Kf8 25. Kf2 Ke7 26. Ke3 Ra6 27. Rd3 h5 28. Rda3 Rca8 29. h3 Nd7 30. Nxd7 Kxd7 31. Kd4 Kc6 32. g4 hxg4 33.
fxg4 f6 34. Re3 Rd8+ 35. Kc3 Kc5 36. Rd3 Rxd3+ 37. Kxd3 e5 38. fxe5 fxe5 39. Ke4 Kd6 40. h4 Ke6 41. h5 Kd6 42. g5 Ra8 43. Kf5 Rh8 44. Kg6 e4 45. Rxa5 e3 46. Ra2 Re8 47. Re2 Re7 48. h6 gxh6 49. gxh6 Kc5 50. h7 Re8 51. Kg7 Kxc4 52. h8=Q Rxh8 53. Kxh8 Kd3 54.
Ra2 e2 55. Ra3+ Kd2 56. Ra2+ Kd1 57. Ra1+ Kd2 58. Ra2+ Kd1 59. Ra1+ Kd2 60. Rh1 e1=Q 61. Rxe1 Kxe1 1/2-1/2

[Event "Early-Titled-Tuesday-Blitz-October-10-2023"]
[Site "Chess.com"]
[Date "2023.10.10"]
[Round "8"]
[White "LaPiToB"]
[Black "RCone"]
[Result "1-0"]
[WhiteElo "2318"]
[BlackElo "2471"]
[TimeControl "180+1"]
[EndTime "9:27:25 PDT"]
[Termination "LaPiToB won on time"]

1. d4 d6 2. c4 Nf6 3. Nc3 g6 4. e4 Bg7 5. Be2 O-O 6. Bg5 Na6 7. h4 e5 8. d5 h6 9. Be3 Nc5 10.
f3 a5 11. g4 c6 12. Qd2 h5 13.
g5 Nfd7 14. dxc6 bxc6 15. Qxd6 Ne6 16. Rd1 Nd4 17. c5 Re8 18. Bc4 Qe7 19. Qxg6 Nxc5 20.
Qxh5 Nc2+ 21. Kf2 Nxe3 22. Kxe3 Ne6 23. Bb3 Qc5+ 24. Kd2 Ba6 25. Kc2 a4 26. Bxe6 Rxe6 27. Rd7 Re7 28. Rxe7 Qxe7 29. g6 fxg6 30. Qxg6 Rd8 31.
Nh3 Bd3+ 32. Kc1 a3 33. Qxc6 axb2+ 34. Kxb2 Qb4+ 35. Ka1 Rb8 36. Qe6+ Kh8 37. Qb3 1-0

[Event "Early-Titled-Tuesday-Blitz-October-10-2023"]
[Site "Chess.com"]
[Date "2023.10.10"]
[Round "8"]
[White "Grischuk"]
[Black "Wizard_97"]
[Result "1-0"]
[WhiteElo "2977"]
[BlackElo "2572"]
[TimeControl "180+1"]
[EndTime "9:27:27 PDT"]
[Termination "Grischuk won by checkmate"]

1. e4 c5 2. Nc3 Nc6 3. Nf3 g6 4.
Bb5 Bg7 5. O-O Nd4 6. Re1 Nxb5 7. Nxb5 d5 8. exd5 a6 9. Nc3 Nf6 10. d4 c4 11. Bg5 O-O 12. Bxf6 Bxf6 13. a4 Bg4 14. Re4 Bf5 15. Re3 b5 16. Ne5 b4 17.
Nc6 Qd6 18. Ne4 Bxe4 19. Rxe4 e6 20. Re1 exd5 21. Ne5 Rfe8 22. f4 Bg7 23. Qf3 f6 24. Ng4 h5 25. Ne3 Rad8 26. c3 f5 27. g3 Re4 28. Nf1 Rde8 29. Rxe4 dxe4 30. Qe2 Rc8 31. Ne3 Qe6 32. Rd1 a5 33. Kg2 Kh7 34. h3 Qc6 35. Ra1 Bh6 36. Qf2 Qd6 37. Rf1 Qd7 38. g4 Qxa4 39.
gxf5 gxf5 40. Nxf5 Rg8+ 41. Kh2 Qd7 42. Nxh6 Kxh6 43. Rd1 Qf5 44. d5 Rd8 45. d6 Qe6 46. Qc5 Qf6 47. Qe5 Kg7 48. Rg1+ Kf7 49. Qd5+ Qe6 50.
Rg7+ Kf6 51. Rg6+ Kf7 52. Qxe6+ Kf8 53. Rg8# 1-0

[Event "Early-Titled-Tuesday-Blitz-October-10-2023"]
[Site "Chess.com"]
[Date "2023.10.10"]
[Round "8"]
[White "viktorskliarov"]
[Black "MartinMatthiesen"]
[Result "0-1"]
[WhiteElo "2636"]
[BlackElo "2499"]
[TimeControl "180+1"]
[EndTime "9:27:27 PDT"]
[Termination "MartinMatthiesen won by resignation"]

1. e4 e5 2. Nc3 Nf6 3. Bc4 Nc6 4.
d3 Bb4 5. Bg5 h6 6. Bxf6 Bxc3+ 7.
bxc3 Qxf6 8. Ne2 d6 9. Bb5 Bd7 10. Bxc6 Bxc6 11. O-O g5 12. Ng3 O-O-O 13. Nf5 Bd7 14. Qf3 Bxf5 15. exf5 d5 16. Rfe1 Rhe8 17. Rab1 c6 18. g4 h5 19. h3 Rh8 20. Kf1 hxg4 21.
hxg4 Rh2 22. Qe3 d4 23. Qg3 Rh4 24. Rb4 Rh1+ 25. Ke2 Rxe1+ 26. Kxe1 dxc3 27. Re4 Rd5 28. Qe3 b6 29. Rc4 Qd6 30. Ke2 Kb7 31. Qxg5 b5 32.
Re4 Qa3 33. Qg7 Qc1 34. Qxf7+ Kb6 35. Qe8 Qxc2+ 36. Kf3 Qxd3+ 37. Re3 Qd1+ 38. Kg3 c2 39. Qb8+ Kc5 40. Qxa7+ Kc4 41. Re4+ Rd4 42. Rxe5 Qxg4+ 43. Kh2 Qf4+ 44. Kg2 Qxe5 0-1

[Event "Early-Titled-Tuesday-Blitz-October-10-2023"]
[Site "Chess.com"]
[Date "2023.10.10"]
[Round "8"]
[White "PatzerSmashers"]
[Black "HajiyevKanan"]
[Result "0-1"]
[WhiteElo "2418"]
[BlackElo "2575"]
[TimeControl "180+1"]
[EndTime "9:27:29 PDT"]
[Termination "HajiyevKanan won on time"]

1. d4 d5 2. c4 c6 3. Nf3 a6 4. e3 Nf6 5. Bd3 Bg4 6. O-O e6 7. h3 Bh5 8. b3 Bd6 9. Bb2 Nbd7 10. Nbd2 O-O 11. Qc2 Qe7 12. Ne5 c5 13. Rac1 cxd4 14.
exd4 dxc4 15. Ndxc4 Rac8 16. Qd2 Nd5 17. Be4 Bb4 18. Qd3 N7f6 19. Bxd5 Nxd5 20. Qg3 b5 21. Ne3 Bd6 22. f4 Bg6 23. Nxd5 exd5 24. f5 f6 25. fxg6 fxe5 26. dxe5 Bc5+ 27. Kh1 h6 28. Rcd1 Rcd8 29.
Rf7 Rxf7 30. gxf7+ Qxf7 31. e6 Qe7 32. Rf1 Rf8 33.
Rxf8+ Kxf8 34. Qb8+ Qe8 35. Qc7 Be7 36. Qe5 Bf6 37.
Qd6+ Qe7 38. Qb8+ Qe8 39. Qd6+ Be7 40. Qe5 Qg6 41. Qf4+ Bf6 42. Qb8+ Qe8 43. Bxf6 Qxb8 0-1

[Event "Early-Titled-Tuesday-Blitz-October-10-2023"]
[Site "Chess.com"]
[Date "2023.10.10"]
[Round "8"]
[White "Duhless"]
[Black "Druid24"]
[Result "1-0"]
[WhiteElo "2935"]
[BlackElo "2722"]
[TimeControl "180+1"]
[EndTime "9:27:30 PDT"]
[Termination "Duhless won on time"]

1. g4 d5 2. Bg2 Bxg4 3. c4 c6 4. cxd5 cxd5 5. Qb3 Nf6 6. Nc3 e6 7. Qxb7 Nbd7 8. d4 Be7 9. Bf4 O-O 10. Nf3 Qb6 11.
Qxb6 Nxb6 12. Ne5 Bf5 13. Nc6 Rfe8 14. Nb5 Nh5 15. Be5 f6 16. Bd6 Bxd6 17. Nxd6 Nf4 18.
Bf3 Rf8 19. b3 Bg6 20. h4 Nc8 21. Nxc8 Raxc8 22. Ne7+ Kf7 23. Nxc8 Rxc8 24. e3 Nd3+ 25. Kd2 Nxf2 26. Rhc1 Re8 27. Rc7+ Re7 28. Rac1 Be4 29. Be2 g5 30. hxg5 fxg5 31. Rxe7+ Kxe7 32. Rc7+ Kf6 33. Ke1 Nh1 34. Rxa7 Ng3 35. b4 h5 36. Bxh5 Nxh5 37.
b5 Ng7 38. b6 Ne8 39. b7 g4 40. b8=Q 1-0